 Dungeon Crawl Stone Soup version 0.31.0-9-g3a7656b989 (webtiles) character file.

Game seed: 5723112288432957250

75 EnegeticOcto the Ruffian (level 4, 44/44 HPs)
             Began as a Troll Monk on Jan 31, 2024.
             Quit the game on level 2 of the Dungeon.
             The game lasted 00:00:41 (870 turns).

EnegeticOcto the Ruffian (Troll Monk)                Turns: 870, Time: 00:00:42

Health: 44/44      AC:  4    Str: 19    XL:     4   Next: 11%
Magic:  3/3        EV: 10    Int:  6    God:
Gold:   71         SH:  0    Dex: 14    Spells: 3/3 levels left

rFire   . .          .
                       - Unarmed
rCold   . . .        c - orb {light}
rNeg    . . .        a - +0 robe
rPois   .            (helmet restricted)
rElec   .            (no cloak)
rCorr   .            (gloves unavailable)
SInv    .            (boots unavailable)
Will    .....        (no amulet)
Stlth   +            (no ring)
HPRegen 1.07/turn    (no ring)
MPRegen 0.08/turn

%: no passive effects
@: glowing
A: large, unfitting armour, claws 3, regeneration 1, shaggy fur 1, tough skin 1
a: no special abilities


You were on level 2 of the Dungeon.
You visited 1 branch of the dungeon, and saw 2 of its levels.

You collected 71 gold pieces.

Inventory:

Missiles
 j - a throwing net (quivered) {!f}
Armour
 a - a +0 robe (worn)
 c - an orb of light (worn)
Jewellery
 k - a ring of willpower
   (You found it on level 1 of the Dungeon)
Scrolls
 e - a scroll of identify {unknown}
 g - a scroll of teleportation {unknown}
 h - 2 scrolls of blinking {unknown}
 i - a scroll of poison {unknown}
 l - a scroll of noise {unknown}
Potions
 b - a potion of ambrosia
 d - a potion of curing {unknown}
 f - 2 potions of mutation {unknown}


   Skills:
 + Level 2.9 Fighting
 + Level 2.9 Dodging
 * Level 4.1 Unarmed Combat


You had 3 spell levels left.
You didn't know any spells.
Your spell library was empty.

Dungeon Overview and Level Annotations

Branches:
Dungeon (2/15) Zot: 11135

Altars:


Innate Abilities, Weirdness & Mutations

You are too large for most types of armour.
You have claws for hands.
Your natural rate of healing is unusually fast.
You are covered in fur. (AC +1)
You have tough skin. (AC +1)


Message History

No target in view!
No target in view!
No target in view!
No target in view!
No target in view!
Done exploring.
Done exploring.
Okay, then.
(D) Dungeon
Where to? (? - help)
There is a stone staircase leading down here.
You climb downwards.
Found 15 gold pieces, 3 boomerangs and a scroll labelled PAUFIC DEGESH.
Found a stone staircase leading down.
There is a stone staircase leading up here.
You now have 58 gold pieces (gained 15).
l - a scroll labelled PAUFIC DEGESH You now have 71 gold pieces (gained 13). 2 kobolds come into view.
The kobold shouts! x2
The kobold throws a stone.
The stone hits you but does no damage.
There are monsters nearby!
The kobold hits you with a +0 short sword.
You claw the kobold!
You kill the kobold!
You scratch the kobold.
You kill the kobold!
No target in view!
No target in view!
No target in view!
No target in view!
A bat comes into view.
A bat is nearby!
A bat is nearby!
The bat hits you but does no damage. x2
You closely miss the bat. The bat closely misses you. The bat hits you.
The bat barely misses you. The bat barely misses you.
The bat closely misses you.
You claw the bat!
You kill the bat!
No target in view!
No target in view!
h - 2 scrolls labelled QUEZXU OZIRUV (gained 1)
A kobold comes into view. It is wielding a +0 dagger.
The kobold shouts!
The kobold throws a stone.
The stone hits you but does no damage.
A kobold is nearby!
A kobold is nearby!
The kobold closely misses you.
You scratch the kobold.
You kill the kobold!
No target in view!
No target in view!
No target in view!
No target in view!
Things that are here:
a +0 dagger; 4 stones; a kobold corpse
Found a faded altar of an unknown god.
Jessica the Apprentice Sorceress comes into view.
She is wielding a +0 club.
Jessica shouts!
Found 14 gold pieces.
Jessica casts a spell at you. Pain shoots through your body!
Jessica points at you and mumbles some strange words.
You barely resist.
Jessica points at you and mumbles some strange words.
Pain shoots through your body!
You are too injured to fight recklessly!
You are too injured to fight recklessly!
You are too injured to fight recklessly!
You are too injured to fight recklessly!
You are too injured to fight recklessly!
You are too injured to fight recklessly!
You are too injured to fight recklessly!
You are too injured to fight recklessly!
You barely miss Jessica.
Jessica points at you and mumbles some strange words.
You barely resist. You barely miss Jessica. Jessica closely misses you.
You barely miss Jessica.
Jessica gestures wildly while chanting.
Jessica blinks!
Jessica casts a spell.
Jessica blinks!
Jessica is nearby!
You barely miss Jessica. Jessica barely misses you.
You scratch Jessica.
Jessica is moderately wounded.
Jessica hits you with a +0 club.
You claw Jessica!
You kill Jessica!
Your Unarmed Combat skill increases to level 4!
You have reached level 4!
Things that are here:
a +0 club; a +0 robe; the human corpse of Jessica HP restored.
There is a faded altar of an unknown god here.
This altar belongs to (a) Cheibriados, (b) Okawaru or (c) Sif Muna, but you can't tell which.
Press the corresponding letter to learn more about a god, or press enter to convert or escape to cancel.
Okay, then.
Are you sure you want to abandon this character and quit the game? (Confirm with "yes".)

#..........#
#####..##### #......#
#...##.# ##....#.#
#.....#.###
#..#......########
#..#....8.........
#....#...@..######..
#.##.#....8.#
#.##.#......#
#.##.#.##.########.#.
#.##.#...#...........
#.##.##.###..........
#.#.<.##.#.#)####....
#............## #.###
#.....###.....# #.#


There were no monsters in sight!

Vanquished Creatures
  Jessica (D:2)
  4 dart slugs (D:1)
  3 ball pythons (D:1)
  3 bats
  3 endoplasms (D:1)
  2 giant cockroaches (D:1)
  2 goblins (D:1)
  A hobgoblin (D:1)
  7 jackals (D:1)
  6 kobolds
  2 quokkas (D:1)
  2 frilled lizards (D:1)
  2 rats (D:1)
38 creatures vanquished.

Notes
Turn   | Place    | Note
-------+----------+-------------------------------------------
     0 | D:1      | EnegeticOcto the Troll Monk began the quest for the Orb.
     0 | D:1      | Reached XP level 1. HP: 22/22 MP: 0/0
   119 | D:1      | Reached XP level 2. HP: 26/29 MP: 1/1
   259 | D:1      | Reached XP level 3. HP: 35/36 MP: 2/2
   806 | D:2      | Found a faded altar of an unknown god.
   839 | D:2      | Noticed Jessica
   852 | D:2      | Killed Jessica
   853 | D:2      | Reached skill level 4 in Unarmed Combat
   853 | D:2      | Reached XP level 4. HP: 35/44 MP: 3/3
   870 | D:2      | Quit the game

Illustrated notes

Levels and vault maps discovered:
D:1:      co_arrival_random_square_maze, layout_basic, minmay_ruptured
D:2:      layout_loops_ring, dreamdust_ecumenical_altar_statues,
          minmay_divided_ellipse, uniq_jessica

Skill      XL: |  1  2  3 |
---------------+----------+-----
Unarmed Combat | 4 |  4.1
Fighting       | |  2.9
Dodging        | |  2.9

Action                     |  1- 3 |  4- 6 || total
---------------------------+-------+-------++-------
  Melee: Unarmed           |    79 |       ||    79
 Armour: Robe              |    43 |       ||    43
  Dodge: Dodged            |    44 |       ||    44

Table legend:
 A = Kills in this place as a percentage of kills in the entire game.
 B = Kills by you in this place as a percentage of kills by you in the entire game.
 C = Kills by friends in this place as a percentage of kills by friends in the entire game.
 D = Other kills in this place as a percentage of other kills in the entire game.
 E = Experience gained in this place as a percentage of experience gained in the entire game.
 F = Experience gained in this place divided by the number of levels of this place that you have seen.
                   A       B       C       D       E      F
               +-------+-------+-------+-------+-------+----------------------
         Total | 100.0 | 100.0 |   N/A |   N/A | 100.0 |  54.0
       Dungeon | 100.0 | 100.0 |   N/A |   N/A | 100.0 |  54.0
               +-------+-------+-------+-------+-------+----------------------

Table legend: (Time is in decaauts)
 A = Elapsed time spent in this place.
 B = Non-inter-level travel time spent in this place.
 C = Inter-level travel time spent in this place.
 D = Time resting spent in this place.
 E = Time spent auto-exploring this place.
 F = Levels seen in this place.
 G = Mean time per level.
                   A        B        C        D        E       F      G
               +--------+--------+--------+--------+--------+-----+--------+
         Total |    864 |    813 |     51 |      0 |    626 |   2 |  432.0 |
       Dungeon |    864 |    813 |     51 |      0 |    626 |   2 |  432.0 |
               +--------+--------+--------+--------+--------+-----+--------+

Top non-repeatable levels by time:
     D:1: 738 daAuts
     D:2: 126 daAuts
